 Dungeon Crawl Stone Soup version 0.17.1-3-g152610e (webtiles) character file.

80 Urist the Slasher (level 4, -1/38 HPs)
             Began as a Hill Orc Gladiator on Apr 4, 2016.
             Slain by serq's ghost (3 damage)
             ... on level 3 of the Dungeon.
             The game lasted 00:26:32 (1961 turns).

Urist the Slasher (Hill Orc Gladiator)              Turns: 1961, Time: 00:26:32

Health: -1/38      AC: 10    Str: 18    XL:     4   Next: 39%
Magic:  3/4        EV:  7    Int:  8    God:
Gold:   101        SH: 11    Dex: 11    Spells: 0 memorised, 3 levels left

rFire  . . .     SeeInvis .     a - +0 long sword
rCold  . . .     Clarity  .     t - +4 ring mail
rNeg   . . .     SustAt   .     p - +0 large shield
rPois  .         Gourm    .     c - +0 helmet
rElec  .         Spirit   .     (no cloak)
rCorr  .         Warding  .     (no gloves)
rMut   .         Stasis   .     (no boots)
MR     .....                    (no amulet)
Stlth  +.........               (no ring)
                                (no ring)

@: very slightly contaminated, hasted, very quick, not resistant to hostile
enchantments, very unstealthy
A: no striking features
a: no special abilities


You were on level 3 of the Dungeon.
You were not hungry.

You visited 1 branch of the dungeon, and saw 3 of its levels.

You collected 101 gold pieces.

Inventory:

Hand Weapons
 a - a +0 long sword (weapon)
 k - a +0 hand axe
 o - a cursed -3 dagger
Missiles
 d - 2 throwing nets
 g - 13 sling bullets of flame
 j - 6 tomahawks (quivered)
 q - 5 arrows of flame
Armour
 b - a +0 leather armour
 c - a +0 helmet (worn)
 e - a +0 scale mail
 p - a +0 large shield (worn)
 t - a +4 ring mail (worn)
Jewellery
 s - an uncursed amulet of guardian spirit
Scrolls
 r - a scroll of remove curse
Potions
 w - a potion of brilliance {unknown}
 z - a potion of degeneration {unknown}
Comestibles
 f - a bread ration
 l - a beef jerky
 m - a meat ration
 u - a fruit


   Skills:
 * Level 3.1 Fighting
 * Level 3.8 Long Blades
 - Level 1.9 Throwing
 * Level 1.0 Armour
 + Level 3.2 Dodging
 * Level 1.0 Shields


You had 3 spell levels left.
You didn't know any spells.

Dungeon Overview and Level Annotations

Branches:
Dungeon (3/15)

Altars:

Annotations:
D:3 serq's ghost, amateur MfGl


Message History

The giant newt bites you but does no damage.
Serq's ghost hits you but does no damage.
Your shield and ring mail prevent you from hitting serq's ghost.
Serq's ghost is almost destroyed.
You block the bat's attack. You block the giant newt's attack.
You block serq's ghost's attack. The giant newt barely misses you.
Serq's ghost hits you.
* * * LOW HITPOINT WARNING * * *
Unknown command.
Drink which item? (? for menu, Esc to quit)
It was a potion of haste.
You feel yourself speed up. The bat completely misses you.
The giant newt bites you.
* * * LOW HITPOINT WARNING * * *
You block serq's ghost's attack.
You are very lightly contaminated with residual magic.
You hit serq's ghost.
Serq's ghost is almost destroyed.
You block the bat's attack. You block the giant newt's attack.
Serq's ghost hits you.
You die...

.# .. .. #. .## ... .
..#.... .# b...w#. .#
####l...#.# .#+
#########sW@†# #.#
..####.........###.#.#
...............# #.#
...............###.#.#
......########....#.#.#
..###.# #.......# .#
.#+ ### #........# . .#
#.......#.# .#
#........#.#


You could see a worm, serq's ghost, a giant cockroach, a bat and a giant newt.

Vanquished Creatures
  An adder (D:2)
  2 oozes
  An adder skeleton (D:2)
  An adder zombie (D:2)
  2 worms (D:2)
  2 giant geckos (D:1)
  8 bats
  A bat skeleton (D:2)
  A giant cockroach (D:3)
  6 goblins
  4 hobgoblins
  5 jackals
  2 ball pythons (D:2)
  A giant cockroach zombie (D:2)
  3 giant newts
  4 kobolds
  5 rats
  3 plants (D:2)
52 creatures vanquished.

Notes
Turn   | Place    | Note
--------------------------------------------------------------
     0 | D:1      | Urist the Hill Orc Gladiator began the quest for the Orb.
     0 | D:1      | Reached XP level 1. HP: 18/18 MP: 1/1
   141 | D:1      | Reached XP level 2. HP: 18/25 MP: 2/2
   543 | D:1      | Reached XP level 3. HP: 30/30 MP: 3/3
  1597 | D:2      | Reached XP level 4. HP: 37/37 MP: 4/4
  1702 | D:2      | Reached skill level 1 in Shields
  1887 | D:3      | Reached skill level 1 in Armour
  1912 | D:3      | Noticed serq's ghost (amateur MfGl)
  1960 | D:3      | HP: 1/38 [giant newt (1)]
  1961 | D:3      | Slain by serq's ghost

Action                   |  1- 3 |  4- 6 || total
-------------------------+-------+-------++-------
Melee: Long sword        |   210 |    57 ||   267
Throw: Tomahawk          |    23 |     7 ||    30
       Throwing net      |     1 |       ||     1
  Use: Scroll            |       |     5 ||     5
       Potion            |       |     4 ||     4
  Eat: Bread ration      |     1 |       ||     1
